TOP OF THE 1ST |
Mexico City Cerveceros batting - Pitching for Lansing Lugnuts : RHP Clint John
|
Pitching: RHP Clint John
|
|
Batting: RHB Henning Huisman
|
0-0: Foul Ball, location: 2F 0-1: Foul Ball, location: 2F 0-2: Ball 1-2: Strikes out looking
|
Batting: RHB Murai Ishihara
|
0-0: Called Strike 0-1: Ball 1-1: Swinging Strike 1-2: Foul Ball, location: 2F 1-2: Ball 2-2: Ground out 5-3 (Groundball, 5S)
|
Batting: LHB Eduardo Gómez
|
0-0: Swinging Strike 0-1: Ball 1-1: Ground out 1-3 (Groundball, 13)
|
Top of the 1st over - 0 run(s), 0 hit(s), 0 error(s), 0 left on base; Mexico City 0 - Lansing 0 |
BOTTOM OF THE 1ST |
Lansing Lugnuts batting - Pitching for Mexico City Cerveceros : RHP Thomas Hughes
|
Pitching: RHP Thomas Hughes
|
|
Batting: LHB Francisco Marino
|
0-0: Called Strike 0-1: Ball 1-1: Ball 2-1: Swinging Strike 2-2: Strikes out swinging
|
Batting: RHB Júlio Caraballo
|
0-0: Called Strike 0-1: Ball 1-1: Ball 2-1: Foul Ball, location: 2F 2-2: Strikes out swinging
|
Batting: RHB Jim Tracy
|
0-0: Ball 1-0: Foul Ball, location: 2F 1-1: Ball 2-1: Called Strike 2-2: Ball 3-2: Base on Balls
|
Batting: LHB Jeffrey Satterley
|
0-0: SINGLE (Groundball, 5D) Jim Tracy to second
|
Batting: RHB Sadao Kimura
|
0-0: Ball 1-0: Called Strike 1-1: Swinging Strike 1-2: Fly out, F1 (Line Drive, 13S)
|
Bottom of the 1st over - 0 run(s), 1 hit(s), 0 error(s), 2 left on base; Mexico City 0 - Lansing 0 |
TOP OF THE 2ND |
Mexico City Cerveceros batting - Pitching for Lansing Lugnuts : RHP Clint John
|
Batting: RHB Dave Morgan
|
0-0: Called Strike 0-1: Foul Ball, location: 2F 0-2: Ball 1-2: Foul Ball, location: 2F 1-2: Reached on error, E6 (Groundball, 6)
|
Batting: LHB Brandon Cummings
|
0-0: Foul Ball, location: 2F 0-1: Ball 1-1: Ball 2-1: Fly out, F8 (Flyball, 78D)
|
Batting: RHB Tae-kwon Kwon
|
0-0: Called Strike 0-1: Ball 1-1: Ball 2-1: Fly out, F9 (Flyball, 9D) Runner from 2nd tags up, SAFE at 3rd, no throw
|
Batting: RHB Robert Johnson
|
0-0: Ball 1-0: Foul Ball, location: 2F 1-1: Ball 2-1: Ball 3-1: Called Strike 3-2: Base on Balls
|
Batting: RHB Iván Gonzáles
|
0-0: Fly out, F6 (Line Drive, 6)
|
Top of the 2nd over - 0 run(s), 0 hit(s), 1 error(s), 2 left on base; Mexico City 0 - Lansing 0 |
BOTTOM OF THE 2ND |
Lansing Lugnuts batting - Pitching for Mexico City Cerveceros : RHP Thomas Hughes
|
Batting: RHB Lu-fang Huie
|
0-0: Swinging Strike 0-1: Ball 1-1: Swinging Strike 1-2: Strikes out swinging
|
Batting: RHB Taki Chikafuji
|
0-0: Foul Ball, location: 2F 0-1: Ball 1-1: SINGLE (Line Drive, 4D)
|
Batting: RHB Matt Silver
|
0-0: Ball 1-0: Ball 2-0: Called Strike 2-1: Fly out, F8 (Flyball, 8LM)
|
Batting: RHB Tim Robertson
|
0-0: Called Strike 0-1: Fly out, F5 (Popup, 5S)
|
Bottom of the 2nd over - 0 run(s), 1 hit(s), 0 error(s), 1 left on base; Mexico City 0 - Lansing 0 |
TOP OF THE 3RD |
Mexico City Cerveceros batting - Pitching for Lansing Lugnuts : RHP Clint John
|
Batting: LHB Javier Escobedo
|
0-0: Ball 1-0: Ball 2-0: Foul Ball, location: 2F 2-1: Ball 3-1: Base on Balls
|
Batting: RHB Henning Huisman
|
0-0: Fielders Choice at 2nd, 6-4 (Groundball, 6)
|
Batting: RHB Murai Ishihara
|
0-0: Ball 1-0: Grounds into double play, 5-4-3 (Groundball, 5)
|
Top of the 3rd over - 0 run(s), 0 hit(s), 0 error(s), 0 left on base; Mexico City 0 - Lansing 0 |
BOTTOM OF THE 3RD |
Lansing Lugnuts batting - Pitching for Mexico City Cerveceros : RHP Thomas Hughes
|
Batting: LHB Francisco Marino
|
0-0: Ball 1-0: Ball 2-0: Swinging Strike 2-1: Called Strike 2-2: Strikes out looking
|
Batting: RHB Júlio Caraballo
|
0-0: Ball 1-0: Called Strike 1-1: Swinging Strike 1-2: Ball 2-2: Ball 3-2: Base on Balls
|
Batting: RHB Jim Tracy
|
0-0: Ball 1-0: Ball 2-0: Foul Ball, location: 2F 2-1: Foul Ball, location: 2F 2-2: Ball 3-2: Foul Ball, location: 2F 3-2: DOUBLE (Flyball, 78XD) Júlio Caraballo to third
|
Batting: LHB Jeffrey Satterley
|
0-0: Ball 1-0: Swinging Strike 1-1: 3-RUN HOME RUN (Flyball, 7D), Distance : 410 ft
|
Batting: RHB Sadao Kimura
|
0-0: Called Strike 0-1: Ball 1-1: Ball 2-1: Called Strike 2-2: Ground out 5-3 (Groundball, 5S)
|
Batting: RHB Lu-fang Huie
|
0-0: Ball 1-0: Ball 2-0: Called Strike 2-1: Foul Ball, location: 2F 2-2: Strikes out swinging
|
Bottom of the 3rd over - 3 run(s), 2 hit(s), 0 error(s), 0 left on base; Mexico City 0 - Lansing 3 |
TOP OF THE 4TH |
Mexico City Cerveceros batting - Pitching for Lansing Lugnuts : RHP Clint John
|
Batting: LHB Eduardo Gómez
|
0-0: Foul Ball, location: 2F 0-1: Called Strike 0-2: Ball 1-2: Strikes out swinging
|
Batting: RHB Dave Morgan
|
0-0: Called Strike 0-1: Swinging Strike 0-2: Strikes out swinging
|
Batting: LHB Brandon Cummings
|
0-0: Foul Ball, location: 2F 0-1: Foul Ball, location: 2F 0-2: Ball 1-2: Strikes out looking
|
Top of the 4th over - 0 run(s), 0 hit(s), 0 error(s), 0 left on base; Mexico City 0 - Lansing 3 |
BOTTOM OF THE 4TH |
Lansing Lugnuts batting - Pitching for Mexico City Cerveceros : RHP Thomas Hughes
|
Batting: RHB Taki Chikafuji
|
0-0: Called Strike 0-1: Swinging Strike 0-2: Foul Ball, location: 2F 0-2: Strikes out swinging
|
Batting: RHB Matt Silver
|
0-0: Called Strike 0-1: Ball 1-1: Swinging Strike 1-2: Ball 2-2: Ball 3-2: Foul Ball, location: 2F 3-2: Strikes out swinging
|
Batting: RHB Tim Robertson
|
0-0: Foul Ball, location: 2F 0-1: Ground out 5-3 (Groundball, 56)
|
Bottom of the 4th over - 0 run(s), 0 hit(s), 0 error(s), 0 left on base; Mexico City 0 - Lansing 3 |
TOP OF THE 5TH |
Mexico City Cerveceros batting - Pitching for Lansing Lugnuts : RHP Clint John
|
Batting: RHB Tae-kwon Kwon
|
0-0: Ball 1-0: Ground out 6-3 (Groundball, 6)
|
Batting: RHB Robert Johnson
|
0-0: Ball 1-0: Called Strike 1-1: Fly out, F7 (Flyball, 7D)
|
Batting: RHB Iván Gonzáles
|
0-0: Ball 1-0: Called Strike 1-1: Swinging Strike 1-2: Strikes out swinging
|
Top of the 5th over - 0 run(s), 0 hit(s), 0 error(s), 0 left on base; Mexico City 0 - Lansing 3 |
BOTTOM OF THE 5TH |
Lansing Lugnuts batting - Pitching for Mexico City Cerveceros : RHP Thomas Hughes
|
Batting: LHB Francisco Marino
|
0-0: Called Strike 0-1: SINGLE (Flyball, 89S)
|
Batting: RHB Júlio Caraballo
|
0-0: Called Strike 0-1: Ball 1-1: Ball 2-1: Swinging Strike 2-2: DOUBLE (Line Drive, 5D) Francisco Marino to third Runner from 3rd tries for Home, SAFE, no throw or cutoff
|
Batting: RHB Jim Tracy
|
0-0: Foul Ball, location: 2F 0-1: Swinging Strike 0-2: Foul Ball, location: 2F 0-2: Foul Ball, location: 2F 0-2: Fly out, F8 (Flyball, 8LXD) Runner from 2nd tags up, SAFE at 3rd, no throw
|
Batting: LHB Jeffrey Satterley
|
0-0: Called Strike 0-1: Ball 1-1: Swinging Strike 1-2: Strikes out swinging
|
Batting: RHB Sadao Kimura
|
0-0: Ground out 5-3 (Groundball, 5S)
|
Bottom of the 5th over - 1 run(s), 2 hit(s), 0 error(s), 1 left on base; Mexico City 0 - Lansing 4 |
TOP OF THE 6TH |
Mexico City Cerveceros batting - Pitching for Lansing Lugnuts : RHP Clint John
|
Batting: LHB Javier Escobedo
|
0-0: Foul Ball, location: 2F 0-1: Foul Ball, location: 2F 0-2: Foul Ball, location: 2F 0-2: Strikes out swinging
|
Batting: RHB Henning Huisman
|
0-0: Called Strike 0-1: Ball 1-1: Swinging Strike 1-2: Ball 2-2: Foul Ball, location: 2F 2-2: Ground out 6-3 (Groundball, 6)
|
Batting: RHB Murai Ishihara
|
0-0: Called Strike 0-1: Ball 1-1: Ground out 6-3 (Groundball, 6M)
|
Top of the 6th over - 0 run(s), 0 hit(s), 0 error(s), 0 left on base; Mexico City 0 - Lansing 4 |
BOTTOM OF THE 6TH |
Lansing Lugnuts batting - Pitching for Mexico City Cerveceros : RHP Thomas Hughes
|
Batting: RHB Lu-fang Huie
|
0-0: Ball 1-0: Fly out, F5 (Popup, 5L)
|
Batting: RHB Taki Chikafuji
|
0-0: Ball 1-0: Fly out, F8 (Flyball, 8RM)
|
Batting: RHB Matt Silver
|
0-0: Called Strike 0-1: Swinging Strike 0-2: Strikes out swinging
|
Bottom of the 6th over - 0 run(s), 0 hit(s), 0 error(s), 0 left on base; Mexico City 0 - Lansing 4 |
TOP OF THE 7TH |
Mexico City Cerveceros batting - Pitching for Lansing Lugnuts : RHP Clint John
|
Batting: LHB Eduardo Gómez
|
0-0: Ground out 1-3 (Groundball, 13S)
|
Batting: RHB Dave Morgan
|
0-0: Ball 1-0: Swinging Strike 1-1: Ball 2-1: Swinging Strike 2-2: Foul Ball, location: 2F 2-2: Strikes out swinging
|
Batting: LHB Brandon Cummings
|
0-0: Ball 1-0: Ground out 4-3 (Groundball, 4S)
|
Top of the 7th over - 0 run(s), 0 hit(s), 0 error(s), 0 left on base; Mexico City 0 - Lansing 4 |
BOTTOM OF THE 7TH |
Lansing Lugnuts batting - Pitching for Mexico City Cerveceros : RHP Thomas Hughes
|
Pitching: RHP Leonard Lewis
|
|
Batting: RHB Tim Robertson
|
0-0: Swinging Strike 0-1: SINGLE (Line Drive, 56)
|
Batting: LHB Francisco Marino
|
0-0: Called Strike 0-1: Swinging Strike 0-2: Ball 1-2: Fielders Choice at 2nd, 6-4 (Groundball, 6)
|
Batting: RHB Júlio Caraballo
|
0-0: Ball Francisco Marino is caught stealing 2nd base 1-0: Ground out 5-3 (Groundball, 5)
|
Bottom of the 7th over - 0 run(s), 1 hit(s), 0 error(s), 0 left on base; Mexico City 0 - Lansing 4 |
TOP OF THE 8TH |
Mexico City Cerveceros batting - Pitching for Lansing Lugnuts : RHP Clint John
|
Batting: RHB Tae-kwon Kwon
|
0-0: Called Strike 0-1: Called Strike 0-2: Ball 1-2: Ball 2-2: Ground out 5-3 (Groundball, 56S)
|
Batting: RHB Robert Johnson
|
0-0: Called Strike 0-1: Foul Ball, location: 2F 0-2: Ball 1-2: Strikes out swinging
|
Batting: RHB Iván Gonzáles
|
0-0: Ground out 6-3 (Groundball, 6)
|
Top of the 8th over - 0 run(s), 0 hit(s), 0 error(s), 0 left on base; Mexico City 0 - Lansing 4 |
BOTTOM OF THE 8TH |
Lansing Lugnuts batting - Pitching for Mexico City Cerveceros : RHP Leonard Lewis
|
Batting: RHB Jim Tracy
|
0-0: Called Strike 0-1: Ball 1-1: Ball 2-1: Ball 3-1: Base on Balls
|
Batting: LHB Jeffrey Satterley
|
0-0: Called Strike 0-1: Ball 1-1: Foul Ball, location: 2F 1-2: Ball 2-2: Ball 3-2: Strikes out swinging
|
Batting: RHB Sadao Kimura
|
0-0: SINGLE (Flyball, 6D) Jim Tracy to second
|
Batting: RHB Lu-fang Huie
|
0-0: Ball 1-0: Called Strike 1-1: Ball 2-1: Ball 3-1: Base on Balls Jim Tracy to third Sadao Kimura to second
|
Batting: RHB Taki Chikafuji
|
0-0: Called Strike 0-1: Called Strike 0-2: Foul Ball, location: 2F 0-2: Ball 1-2: Strikes out swinging
|
Batting: RHB Matt Silver
|
0-0: Ball 1-0: Swinging Strike 1-1: Foul Ball, location: 2F 1-2: Ball 2-2: Strikes out looking
|
Bottom of the 8th over - 0 run(s), 1 hit(s), 0 error(s), 3 left on base; Mexico City 0 - Lansing 4 |
TOP OF THE 9TH |
Mexico City Cerveceros batting - Pitching for Lansing Lugnuts : RHP Clint John
|
Batting: LHB Javier Escobedo
|
0-0: Ball 1-0: Called Strike 1-1: Foul Ball, location: 2F 1-2: Ball 2-2: Ball 3-2: Foul Ball, location: 2F 3-2: Strikes out swinging
|
Batting: RHB Henning Huisman
|
0-0: Ground out 5-3 (Groundball, 5L)
|
Batting: RHB Murai Ishihara
|
0-0: Called Strike 0-1: Ball 1-1: Called Strike 1-2: Ball 2-2: Fly out, F3 (Line Drive, 34)
|
Top of the 9th over - 0 run(s), 0 hit(s), 0 error(s), 0 left on base; Mexico City 0 - Lansing 4 |
|